 Dungeon Crawl Stone Soup version 0.31.0-11-ge490571c62 (webtiles) character file.

Game seed: 3061523301984842146

277 sanka the Digger (level 6, -14/32 HPs)
             Began as a Gargoyle Earth Elementalist on Jan 28, 2024.
             Demolished by Edmund
             ... wielding a +0 heavy dire flail
              (18 damage)
             ... on level 4 of the Dungeon.
             The game lasted 00:04:18 (3779 turns).

sanka the Digger (Gargoyle Earth Elementalist)      Turns: 3779, Time: 00:04:19

Health: -14/32     AC:  6    Str: 12    XL:     6   Next: 25%
Magic:  3/11       EV: 11    Int: 17    God:
Gold:   179        SH:  0    Dex: 10    Spells: 5/12 levels left

rFire   + . .        a - +2 dagger (venom)
rCold   . . .        (no shield)
rNeg    + . .        n - +0 robe
rPois   ∞            (no helmet)
rElec   +            (no cloak)
rCorr   .            (no gloves)
SInv    .            (no boots)
Will    .....        w - amulet of magic regeneration
Stlth   ++           y - +4 ring of slaying
HPRegen 0.25/turn    C - ring of protection from fire
MPRegen 0.52/turn

%: no passive effects
@: no status effects
A: sickness immunity, AC +4, negative energy resistance 1, electricity
resistance, torment resistance 1, petrification resistance
a: no special abilities


You were on level 4 of the Dungeon.
You visited 1 branch of the dungeon, and saw 4 of its levels.

You collected 179 gold pieces.


Innate Abilities, Weirdness & Mutations

You are immune to sickness and miasma.
Your stone body is resilient. (AC +4)
You are immune to poison.
You resist negative energy. (rN+)
You are resistant to electric shocks. (rElec)
You are resistant to unholy torment.
You are immune to petrification.


   Skills:
 - Level 1.5 Dodging
 - Level 2.1 Stealth
 + Level 3.7 Spellcasting
 + Level 3.8 Conjurations
 + Level 5.5 Earth Magic


You had 5 spell levels left.
You knew the following spells:

 Your Spells              Type           Power      Damage    Failure   Level
x - Stone Arrow           Conj/Erth      38%        3d9       7%          3
z - Sandblast             Erth           44%        2d11      1%          1
N - Passwall              Erth           22%        N/A       4%          3

Your spell library contained the following spells:

 Spells                   Type           Power      Damage    Failure   Level
 Foxfire                  Conj/Fire      36%        2x1d5     8%          1
 Momentum Strike          Conj/Tloc      18%        3d8       11%         2
 Hailstorm                Conj/Ice       9%         3d6       22%         3
 Brom's Barrelling Bould  Conj/Erth      19%        2d4       24%         4
 Call Canine Familiar     Summ           3%         N/A       43%         3
 Gell's Gravitas          Tloc           3%         N/A       43%         3
 Sigil of Binding         Hex            3%         N/A       43%         3
 Teleport Other           Tloc           3%         N/A       43%         3
 Petrify                  Alch/Erth      12%        N/A       45%         4
 Dimensional Bullseye     Hex/Tloc       1%         N/A       85%         4
 Dispersal                Tloc           1%         N/A       100%        6
 Chain Lightning          Conj/Air       4%         3d6       100%        9

Inventory:

Hand Weapons
 a - a +2 dagger of venom (weapon)
 b - the +0 flail "Undertaker" {speed, *Rage rElec MP+9 Stlth+} rElec: It insulates you from electricity. MP+9: It affects your magic capacity (+9). *Rage: It berserks you when you make melee attacks (+20% chance). Stlth+: It makes you more stealthy.
Missiles
 k - a throwing net {=f}
Armour
 j - a +0 cloak
 n - a +0 robe (worn)
Jewellery
 w - an amulet of magic regeneration (around neck)
 y - a +4 ring of slaying (left hand)
 C - a ring of protection from fire (right hand)
Wands
 p - a wand of charming (5)
Scrolls
 e - 2 scrolls of silence {unknown}
 f - 6 scrolls of identify {unknown}
 g - 2 scrolls of vulnerability {unknown}
 h - a scroll of noise {unknown}
 i - a scroll of revelation {unknown}
 l - a scroll of torment {unknown}
 o - a scroll of teleportation {unknown}
 q - 2 scrolls of immolation {unknown}
 s - a scroll of fear {unknown}
 v - a scroll of fog {unknown}
Potions
 c - 2 potions of enlightenment {unknown}
 d - 4 potions of curing {unknown}
 m - a potion of lignification {unknown}
 r - a potion of resistance {unknown}
 t - a potion of magic
 u - a potion of degeneration {unknown}
 x - a potion of brilliance {unknown}
 z - a potion of heal wounds {unknown}
 A - a potion of mutation {unknown}
 B - 2 potions of ambrosia {unknown}

Dungeon Overview and Level Annotations

Branches:
Dungeon (4/15)
 Temple: D:4-7

Altars:
Elyvilon
Fedhas
Makhleb
Ru
Zin

Annotations:
D:4 Edmund

▒▒.▒▒ ........ ▒..▒
........ ▒.▒▒ ........
▒▒▒ ▒....... ▒▒▒▒▒▒▒▒▒
▒▒..... ▒▒▒.......▒
▒▒▒▒.. ▒.........▒▒ ▒▒.
▒▒..........▒▒ ▒.▒
▒.....@8.....▒▒ ▒▒.▒
▒.............▒ ▒▒▒.▒▒
...$..........▒ ▒▒▒...▒▒
.............▒▒▒▒......▒
.............▒...▒......
▒.........<....▒▒.......
▒▒.........▒▒▒▒▒▒▒......
▒▒▒..▒▒▒▒▒▒ ▒▒▒...▒
▒▒▒▒▒


You could see Edmund.


Message History

Edmund is moderately wounded.
Edmund closely misses you.
The blast of sand hits Edmund!
Edmund is heavily wounded.
Edmund hits you with a +0 heavy dire flail!!
Ouch! That really hurt!
* * * LOW HITPOINT WARNING * * *
Okay, then.
Okay, then.
Aiming: Stone Arrow (quite dangerous; 7% risk of failure)
Press: ? - help, Shift-Dir - straight line, f/p - Edmund
Aim: Edmund, wielding a +0 heavy dire flail and wearing a +0 leather armour (heavily wounded, 68% to hit)
The stone arrow hits Edmund!!
Edmund is almost dead.
Unknown command.
Aiming: Stone Arrow (quite dangerous; 7% risk of failure)
Press: ? - help, Shift-Dir - straight line, f/p - Edmund
Aim: Edmund, wielding a +0 heavy dire flail and wearing a +0 leather armour (almost dead, 68% to hit)
The stone arrow misses Edmund.
Edmund hits you with a +0 heavy dire flail!
* * * LOW HITPOINT WARNING * * *
Unknown command.
Aiming: Stone Arrow (quite dangerous; 7% risk of failure)
Press: ? - help, Shift-Dir - straight line, f/p - Edmund
Aim: Edmund, wielding a +0 heavy dire flail and wearing a +0 leather armour (almost dead, 68% to hit)
The stone arrow misses Edmund.
Edmund hits you with a +0 heavy dire flail!!
Ouch! That really hurt!
You die...
Edmund whines, "They better pay attention to me now!"

Action                     |  1- 3 |  4- 6 || total
---------------------------+-------+-------++-------
  Melee: Dagger            |       |    32 ||    32
   Cast: Sandblast         |    35 |    76 ||   111
         Stone Arrow       |       |     3 ||     3
 Armour: Robe              |     7 |    61 ||    68
  Dodge: Dodged            |     4 |    63 ||    67

Levels and vault maps discovered:
D:1:      dpeg_arrival_fog, layout_loops_corners
D:2:      layout_loops_ring, lexackson_kobold_supper, uniq_natasha
D:3:      layout_basic, minitemple, mainiacjoe_overflow_chevrons,
          roderic_batcave, chequers_serial_rivers_room_b,
          hangedman_decor_points, uniq_ijyb
D:4:      layout_cave_pods, mainiacjoe_overflow_concentric_impassable,
          uniq_edmund

Notes
Turn   | Place    | Note
-------+----------+-------------------------------------------
     0 | D:1      | sanka the Gargoyle Earth Elementalist began the quest for
                  | the Orb.
     0 | D:1      | Reached XP level 1. HP: 10/10 MP: 3/3
   558 | D:1      | Reached XP level 2. HP: 15/15 MP: 1/5
   841 | D:1      | Reached skill level 4 in Earth Magic
  1111 | D:2      | Noticed Natasha
  1113 | D:2      | Reached XP level 3. HP: 19/19 MP: 4/6
  1115 | D:2      | Killed Natasha
  1116 | D:2      | Reached skill level 2 in Conjurations
  1361 | D:2      | Reached XP level 4. HP: 19/24 MP: 4/8
  1488 | D:2      | Noticed Natasha
  1589 | D:2      | Killed Natasha
  1590 | D:2      | Reached skill level 3 in Spellcasting
  1728 | D:2      | Noticed Natasha
  1734 | D:2      | Killed Natasha
  1735 | D:2      | Reached skill level 3 in Conjurations
  1735 | D:2      | Reached XP level 5. HP: 22/28 MP: 3/9
  1838 | D:2      | Reached skill level 5 in Earth Magic
  2304 | D:3      | Found a burning altar of Makhleb.
  2455 | D:3      | Noticed Ijyb
  2479 | D:3      | Killed Ijyb
  2575 | D:3      | Identified the +0 flail "Undertaker" {speed, *Rage rElec
                  | MP+9 Stlth+}
  2947 | D:3      | Reached XP level 6. HP: 4/32 MP: 8/11
  3066 | D:3      | Found a glowing silver altar of Zin.
  3069 | D:3      | Got the Dissertation on the Pneumatic Barrage
  3071 | D:3      | Found a sacrificial altar of Ru.
  3072 | D:3      | Found a blossoming altar of Fedhas.
  3135 | D:4      | Learned a level 3 spell: Passwall
  3139 | D:4      | Learned a level 3 spell: Stone Arrow
  3253 | D:4      | Found a white marble altar of Elyvilon.
  3750 | D:4      | Noticed Edmund
  3779 | D:4      | Demolished by Edmund

Vanquished Creatures
  A hound (D:4)
  An orc priest (D:3)
  Ijyb (D:3)
  Natasha (thrice) (D:2)
  4 adders
  A dart slug (D:1)
  A ribbon worm (D:2)
  3 orcs (D:3)
  8 endoplasms
  4 giant cockroaches
  5 goblins
  5 hobgoblins
  A quokka (D:1)
  7 ball pythons
  13 bats
  5 frilled lizards
  12 kobolds
  4 rats
79 creatures vanquished.
